[ AOE2 MATCH · #495524758 ]
UnrankedTupi vs Magyars
Player's team · WIN
Rival team · LOSS
[ REPLAY ANALYSIS · EXTRACTED FROM THE RECORDED GAME ]
Feudal
14:42
Castle
20:58
Imperial
—
| APM avg | 64.1 |
| APM peak | 109 |
| eAPM avg | 31.3 |
| Villagers / military | 89 / 64 |
Focus
⚔️ 57.7% · 🌾 42.3%
Archer ×46 · Skirmisher ×12 · Spearman ×4 · Mangonel ×2 · Unknown (2550) ×2
Feudal
8:54
Castle
20:55
Imperial
—
| APM avg | 49.3 |
| APM peak | 97 |
| eAPM avg | 20.0 |
| Villagers / military | 70 / 44 |
Focus
⚔️ 35.8% · 🌾 64.2%
Cavalry Archer ×33 · Scout Cavalry ×6 · Mangonel ×4 · Scorpion ×1
Match map
Initial resources + every placement click. Lines = walls · curves = elevation contours. ◆ gold · ⬟ stone · ● berries · ✦ relic · ◌ wall gap
Your base· ✓ Closed at 20:58 · 45t walls · 1 gate(s)
Jak3y's base· Open — 7t gap
Smoothed initial terrain · ◌ = detected wall gap · hover for details
Inputs per minute
— Brauer - - Jak3y
Build order — Brauer
First 150 of 257 actions detected
| 0:00 | Queue | Villager (Male) |
| 0:01 | Queue | Villager (Male) |
| 0:02 | Build | House |
| 0:04 | Build | House |
| 0:13 | Queue | Villager (Male) |
| 0:22 | Queue | Villager (Male) |
| 1:00 | Queue | Villager (Male) |
| 1:27 | Queue | Villager (Male) |
| 1:48 | Build | Barracks |
| 2:02 | Queue | Villager (Male) |
| 2:16 | Queue | Villager (Male) |
| 2:46 | Queue | Unit 2550 |
| 3:18 | Queue | Villager (Male) |
| 3:42 | Research | Loom |
| 3:45 | Queue | Villager (Male) |
| 4:14 | Build | House |
| 4:20 | Queue | Villager (Male) |
| 4:52 | Queue | Villager (Male) |
| 5:02 | Queue | Villager (Male) |
| 5:17 | Queue | Unit 2550 |
| 5:27 | Build | House |
| 5:52 | Queue | Villager (Male) |
| 5:53 | Queue | Villager (Male) |
| 6:12 | Build | House |
| 6:21 | Queue | Villager (Male) |
| 7:03 | Queue | Villager (Male) |
| 7:07 | Build | Settlement |
| 7:27 | Queue | Villager (Male) |
| 7:36 | Queue | Villager (Male) |
| 8:09 | Build | Settlement |
| 8:12 | Queue | Villager (Male) |
| 8:30 | Queue | Villager (Male) |
| 8:52 | Queue | Villager (Male) |
| 8:54 | Build | House |
| 8:55 | Build | Palisade Wall |
| 9:00 | Queue | Villager (Male) |
| 9:20 | Build | House |
| 9:22 | Build | Palisade Wall |
| 9:24 | Queue | Villager (Male) |
| 9:49 | Build | House |
| 9:51 | Build | Palisade Wall |
| 9:55 | Build | House |
| 9:56 | Build | Palisade Wall |
| 9:58 | Queue | Villager (Male) |
| 10:16 | Queue | Villager (Male) |
| 10:17 | Build | Farm |
| 10:27 | Queue | Villager (Male) |
| 10:32 | Build | Palisade Wall |
| 10:39 | Build | Farm |
| 10:40 | Build | Farm |
| 10:42 | Build | Farm |
| 10:48 | Build | Farm |
| 10:55 | Build | Farm |
| 10:58 | Queue | Villager (Male) |
| 11:09 | Queue | Villager (Male) |
| 11:10 | Queue | Villager (Male) |
| 11:13 | Build | Farm |
| 11:14 | Build | Farm |
| 11:27 | Build | Farm |
| 11:32 | Build | Palisade Wall |
| 11:51 | Build | Farm |
| 12:04 | Build | Farm |
| 12:12 | Research | Feudal Age |
| 12:15 | Build | Farm |
| 12:26 | Build | House |
| 12:44 | Queue | Villager (Male) |
| 13:03 | Queue | Villager (Male) |
| 13:06 | Build | Settlement |
| 14:42 | Age | Feudal Age |
| 14:44 | Research | Wheelbarrow |
| 14:46 | Build | Archery Range |
| 14:51 | Build | Archery Range |
| 15:01 | Build | House |
| 15:11 | Build | Blacksmith |
| 15:20 | Queue | Villager (Male) |
| 15:28 | Queue | Villager (Male) |
| 16:00 | Queue | Archer |
| 16:00 | Queue | Archer |
| 16:21 | Queue | Archer |
| 16:26 | Queue | Villager (Male) |
| 16:38 | Queue | Archer |
| 16:51 | Queue | Villager (Male) |
| 17:01 | Build | Market |
| 17:05 | Queue | Archer |
| 17:05 | Queue | Archer |
| 17:28 | Queue | Villager (Male) |
| 17:39 | Build | Farm |
| 17:42 | Queue | Spearman |
| 17:43 | Queue | Archer |
| 17:47 | Queue | Villager (Male) |
| 18:12 | Research | Castle Age |
| 18:13 | Queue | Archer |
| 18:30 | Research | Fletching |
| 18:30 | Queue | Archer |
| 18:36 | Build | House |
| 18:42 | Queue | Villager (Male) |
| 18:46 | Research | Double-Bit Axe |
| 18:48 | Queue | Archer |
| 19:06 | Queue | Archer |
| 19:26 | Queue | Archer |
| 19:29 | Build | Farm |
| 19:34 | Build | House |
| 19:37 | Build | House |
| 19:39 | Queue | Archer |
| 19:42 | Queue | Villager (Male) |
| 19:51 | Queue | Archer |
| 20:00 | Build | Stone Wall |
| 20:02 | Queue | Archer |
| 20:12 | Queue | Spearman |
| 20:16 | Queue | Archer |
| 20:24 | Build | Palisade Gate |
| 20:34 | Queue | Archer |
| 20:58 | Age | Castle Age |
| 20:59 | Research | Crossbowman (upgrade) |
| 21:00 | Research | Bodkin Arrow |
| 21:04 | Queue | Villager (Male) |
| 21:17 | Queue | Spearman |
| 21:20 | Queue | Archer |
| 21:35 | Queue | Archer |
| 21:40 | Queue | Villager (Male) |
| 21:47 | Queue | Archer |
| 21:49 | Queue | Spearman |
| 22:02 | Queue | Archer |
| 22:02 | Queue | Archer |
| 22:03 | Queue | Villager (Male) |
| 22:16 | Queue | Villager (Male) |
| 22:24 | Queue | Archer |
| 22:25 | Build | Farm |
| 22:26 | Build | Farm |
| 22:26 | Build | Farm |
| 22:39 | Queue | Archer |
| 22:46 | Queue | Villager (Male) |
| 22:54 | Queue | Villager (Male) |
| 22:55 | Build | Farm |
| 23:06 | Build | Farm |
| 23:09 | Queue | Villager (Male) |
| 23:44 | Queue | Archer |
| 23:44 | Queue | Archer |
| 23:44 | Queue | Villager (Male) |
| 23:45 | Build | Farm |
| 23:47 | Build | Farm |
| 23:48 | Build | Farm |
| 23:52 | Queue | Archer |
| 23:55 | Build | House |
| 24:02 | Build | Town Center |
| 24:08 | Research | Horse Collar |
| 24:10 | Queue | Villager (Male) |
| 24:12 | Build | Farm |
| 24:13 | Build | Farm |
| 24:29 | Research | Bow Saw |
Build order — Jak3y
First 150 of 185 actions detected
| 0:00 | Queue | Villager (Male) |
| 0:00 | Queue | Villager (Male) |
| 0:02 | Build | House |
| 0:03 | Build | House |
| 0:21 | Queue | Villager (Male) ×2 |
| 1:31 | Queue | Villager (Male) |
| 2:03 | Queue | Villager (Male) |
| 2:17 | Queue | Villager (Male) |
| 2:21 | Build | Lumber Camp |
| 2:51 | Queue | Villager (Male) |
| 2:52 | Queue | Villager (Male) |
| 3:29 | Build | House |
| 3:41 | Queue | Villager (Male) |
| 4:03 | Queue | Villager (Male) |
| 4:29 | Queue | Villager (Male) |
| 4:48 | Queue | Villager (Male) |
| 5:17 | Queue | Villager (Male) |
| 5:23 | Build | Mill |
| 5:48 | Queue | Villager (Male) |
| 6:17 | Research | Loom |
| 6:44 | Research | Feudal Age |
| 7:35 | Build | Palisade Wall |
| 7:39 | Build | Palisade Wall |
| 8:04 | Build | Barracks |
| 8:54 | Age | Feudal Age |
| 8:56 | Queue | Villager (Male) |
| 9:04 | Build | Stable |
| 9:16 | Queue | Villager (Male) |
| 9:21 | Research | Double-Bit Axe |
| 9:28 | Research | Town Watch |
| 9:36 | Build | House |
| 9:49 | Queue | Scout Cavalry |
| 9:49 | Queue | Scout Cavalry |
| 9:52 | Queue | Villager (Male) |
| 9:57 | Build | House |
| 10:02 | Build | Palisade Wall |
| 10:09 | Build | Farm |
| 10:18 | Build | Palisade Wall |
| 10:26 | Build | Palisade Wall |
| 10:30 | Build | Palisade Wall |
| 10:32 | Build | Palisade Wall |
| 10:34 | Build | Palisade Wall |
| 10:35 | Queue | Villager (Male) |
| 10:35 | Queue | Villager (Male) |
| 10:42 | Queue | Scout Cavalry |
| 10:45 | Build | House |
| 10:47 | Build | Palisade Wall |
| 10:51 | Build | Palisade Wall |
| 11:11 | Queue | Villager (Male) |
| 11:12 | Queue | Scout Cavalry |
| 11:16 | Build | Farm |
| 11:20 | Build | Farm |
| 11:22 | Build | Farm |
| 11:28 | Build | House |
| 11:37 | Build | Palisade Wall |
| 11:40 | Build | House |
| 11:40 | Queue | Villager (Male) |
| 11:49 | Build | Farm |
| 12:09 | Build | House |
| 12:12 | Build | Palisade Wall |
| 12:13 | Queue | Villager (Male) |
| 12:21 | Build | Farm |
| 12:34 | Queue | Scout Cavalry |
| 12:38 | Queue | Villager (Male) |
| 12:43 | Build | Farm |
| 12:54 | Queue | Villager (Male) |
| 12:59 | Build | Farm |
| 13:07 | Build | Palisade Gate |
| 13:08 | Queue | Villager (Male) |
| 13:17 | Queue | Scout Cavalry |
| 13:24 | Build | Farm |
| 13:33 | Build | House |
| 13:38 | Build | Palisade Wall |
| 13:41 | Build | Palisade Wall |
| 13:41 | Queue | Villager (Male) |
| 13:47 | Queue | Villager (Male) |
| 13:59 | Build | Farm |
| 14:04 | Queue | Villager (Male) |
| 14:10 | Build | Farm |
| 14:15 | Queue | Villager (Male) |
| 14:57 | Queue | Villager (Male) |
| 14:59 | Build | Mining Camp |
| 15:14 | Build | Blacksmith |
| 15:18 | Queue | Villager (Male) |
| 15:36 | Queue | Villager (Male) |
| 15:49 | Build | Lumber Camp |
| 16:41 | Queue | Villager (Male) |
| 16:50 | Build | Farm |
| 17:08 | Queue | Villager (Male) |
| 17:23 | Build | Market |
| 17:28 | Build | House |
| 17:46 | Queue | Villager (Male) |
| 18:16 | Research | Castle Age |
| 18:30 | Build | Archery Range |
| 18:31 | Build | Archery Range |
| 18:43 | Build | Farm |
| 19:10 | Build | Lumber Camp |
| 19:13 | Research | Gold Mining |
| 19:46 | Research | Bloodlines |
| 20:05 | Research | Horse Collar |
| 20:12 | Research | Fletching |
| 20:44 | Queue | Villager (Male) |
| 20:44 | Queue | Villager (Male) |
| 20:55 | Age | Castle Age |
| 20:57 | Queue | Cavalry Archer |
| 20:57 | Queue | Cavalry Archer |
| 20:58 | Research | Bodkin Arrow |
| 21:19 | Build | Siege Workshop |
| 21:33 | Queue | Villager (Male) |
| 21:51 | Build | House |
| 22:10 | Queue | Cavalry Archer |
| 22:10 | Queue | Cavalry Archer |
| 22:24 | Queue | Mangonel |
| 22:46 | Queue | Villager (Male) |
| 22:46 | Queue | Villager (Male) |
| 23:44 | Queue | Cavalry Archer |
| 23:45 | Queue | Villager (Male) |
| 23:45 | Queue | Villager (Male) |
| 23:54 | Research | Bow Saw |
| 23:55 | Queue | Cavalry Archer |
| 23:55 | Queue | Cavalry Archer |
| 24:12 | Build | Palisade Gate |
| 24:15 | Build | Palisade Wall |
| 24:31 | Queue | Villager (Male) |
| 24:40 | Queue | Cavalry Archer |
| 24:49 | Queue | Villager (Male) |
| 25:00 | Build | Town Center |
| 25:17 | Queue | Mangonel |
| 25:19 | Queue | Cavalry Archer |
| 25:20 | Queue | Villager (Male) ×2 |
| 25:33 | Build | Farm |
| 25:45 | Queue | Villager (Male) |
| 25:46 | Queue | Cavalry Archer |
| 25:46 | Queue | Cavalry Archer |
| 25:54 | Queue | Villager (Male) |
| 25:56 | Build | Farm |
| 26:18 | Queue | Villager (Male) |
| 26:18 | Queue | Cavalry Archer |
| 26:19 | Queue | Cavalry Archer |
| 26:38 | Queue | Villager (Male) |
| 26:45 | Queue | Cavalry Archer |
| 27:08 | Queue | Cavalry Archer |
| 27:09 | Queue | Villager (Male) ×3 |
| 27:25 | Queue | Villager (Male) |
| 27:32 | Build | Lumber Camp |
| 27:46 | Research | Husbandry |
| 28:06 | Queue | Villager (Male) |
| 28:11 | Build | Market |
| 28:28 | Queue | Cavalry Archer ×2 |
| 28:29 | Queue | Villager (Male) ×2 |
Match timeline
| 1:48 | Brauer · first_building Barracks |
| 7:35 | Jak3y · wall_segment Palisade Wall x1 |
| 7:39 | Jak3y · wall_segment Palisade Wall x1 |
| 8:04 | Jak3y · first_building Barracks |
| 8:54 | Jak3y · age_up feudal |
| 8:55 | Brauer · wall_segment Palisade Wall x9 |
| 9:04 | Jak3y · first_building Stable |
| 9:22 | Brauer · wall_segment Palisade Wall x9 |
| 9:51 | Brauer · wall_segment Palisade Wall x11 |
| 9:56 | Brauer · wall_segment Palisade Wall x7 |
| 10:02 | Jak3y · wall_segment Palisade Wall x7 |
| 10:18 | Jak3y · wall_segment Palisade Wall x1 |
| 10:26 | Jak3y · wall_segment Palisade Wall x1 |
| 10:30 | Jak3y · wall_segment Palisade Wall x1 |
| 10:32 | Brauer · wall_segment Palisade Wall x7 |
| 10:32 | Jak3y · wall_segment Palisade Wall x1 |
| 10:34 | Jak3y · wall_segment Palisade Wall x2 |
| 10:47 | Jak3y · wall_segment Palisade Wall x1 |
| 10:51 | Jak3y · wall_segment Palisade Wall x1 |
| 11:32 | Brauer · wall_segment Palisade Wall x1 |
| 11:37 | Jak3y · wall_segment Palisade Wall x7 |
| 12:12 | Jak3y · wall_segment Palisade Wall x3 |
| 13:38 | Jak3y · wall_segment Palisade Wall x4 |
| 13:41 | Jak3y · wall_segment Palisade Wall x8 |
| 14:42 | Brauer · age_up feudal |
| 14:46 | Brauer · first_building Archery Range |
| 18:10 | Brauer · first_market_sell 100 food |
| 18:30 | Jak3y · first_building Archery Range |
| 20:00 | Brauer · wall_segment Stone Wall x1 |
| 20:11 | Jak3y · first_market_buy 100 food |
| 20:55 | Jak3y · age_up castle |
| 20:58 | Brauer · age_up castle |
| 21:19 | Jak3y · first_building Siege Workshop |
| 23:54 | Jak3y · first_market_sell 100 food |
| 24:15 | Jak3y · wall_segment Palisade Wall x1 |
| 24:41 | Brauer · first_building Siege Workshop |
| 31:51 | Brauer · first_market_buy 100 stone |
| 32:03 | Brauer · first_building Castle |
| 33:07 | Jak3y · resign |
[ AI ANALYSIS · 1 CREDIT ]
What really happened in this match?
Wolo.gg analyzes every decision: build order, eco, micro, common mistakes by bracket. Personalized analysis on WhatsApp or Discord in 30 seconds.
Civ guide
Tupi
Perfil
Jugador #1840848